 Dungeon Crawl Stone Soup version 0.25-a0-105-g2289b3b9f1 (webtiles) character file.

Game seed: 12527859975774930703, levelgen mode: deterministic

14 Alarkh the Skirmisher (level 2, 6/24 HPs)
             Began as a Demonspawn Fighter on Nov 16, 2019.
             Got out of the dungeon alive.
             The game lasted 00:00:19 (194 turns).

Alarkh the Skirmisher (Demonspawn Fighter)           Turns: 194, Time: 00:00:20

Health: 6/24       AC:  6    Str: 16    XL:     2   Next: 27%
Magic:  2/2        EV:  6    Int:  9    God:
Gold:   4          SH:  8    Dex: 12    Spells: 1/1 levels left

rFire    . . .     SeeInvis .   a - +0 long sword
rCold    . . .     Gourm    .   c - +0 shield
rNeg     . . .     Faith    .   b - +0 scale mail
rPois    .         Spirit   +   (no helmet)
rElec    .         Reflect  .   (no cloak)
rCorr    .         Harm     .   (no gloves)
MR       .....                  (no boots)
Stlth    ..........             (no amulet)
HPRegen  0.08/turn              (no ring)
MPRegen  0.08/turn              (no ring)

@: no status effects
A: magic shield
a: no special abilities


You escaped.
You were not hungry.

You visited 1 branch of the dungeon, and saw 1 of its levels.

You collected 4 gold pieces.

Inventory:

Hand Weapons
 a - a +0 long sword (weapon)
Armour
 b - a +0 scale mail (worn)
 c - a +0 shield (worn)
Scrolls
 e - a scroll of random uselessness {unknown}
Potions
 d - a potion of might
Comestibles
 f - a ration
 g - 4 chunks of flesh


   Skills:
 - Level 3.0 Fighting
 + Level 2.7 Long Blades
 - Level 2.6 Armour
 - Level 2.6 Shields


You had one spell level left.
You didn't know any spells.
Your spell library was empty.

Dungeon Overview and Level Annotations

Branches:
Dungeon (1/15)

Altars:


Innate Abilities, Weirdness & Mutations

When hurt, damage is shared between your health and your magic reserves.


Message History

Items here: )) ††† a +0 club; a +0 dagger; a hobgoblin corpse; a frilled lizard corpse x2
You hit the bat but do no damage. The bat hits you but does no damage.
You block the bat's attack.
You slash the bat!
You kill the bat!
Items here: )) ††† a +0 club; a +0 dagger; a hobgoblin corpse; a frilled lizard corpse x2
You start resting.
Magic restored.
You start resting.
Magic restored.
Things that are here:
a +0 dagger; a frilled lizard skeleton; a kobold corpse You see here a stone.
There is an open door here.
There is an open door here.
There is a staircase leading out of the dungeon here.
Are you sure you want to leave the Dungeon?
This will make you lose the game!
You have escaped!

#.# ... # ######### #.# .#
##.......##
#.##.######....@....######
....##...................##
#.. #...⌠....##'##....⌠...#
##.# #........#...#........#
...###........#8.8#........#
...$.###########'###########
##)### #..# #.##..#.....#
##.# #..# #.##.......# ...#
#..# #.##.......#


There were no monsters in sight!

Vanquished Creatures
  A bat (D:1)
  A giant cockroach (D:1)
  A hobgoblin (D:1)
  4 frilled lizards (D:1)
  4 goblins (D:1)
  2 kobolds (D:1)
13 creatures vanquished.

Notes
Turn   | Place    | Note
-------+----------+-------------------------------------------
     0 | D:1      | Alarkh the Demonspawn Fighter began the quest for the Orb.
     0 | D:1      | Reached XP level 1. HP: 18/18 MP: 1/1
   117 | D:1      | Gained mutation: When hurt, damage is shared between your
                  | health and your magic reserves. [demonic ancestry]
   117 | D:1      | Reached XP level 2. HP: 14/24 MP: 2/2
   142 | D:1      | HP: 1/24 [hobgoblin/+0 club (1)]
   194 | D:$      | Got out of the dungeon alive.

Levels and vault maps discovered:
D:1:      giann_wishing_wells, layout_loops_ring

Skill      XL: |  1 |
---------------+----+-----
Long Blades    | 2 |  2.7
Fighting       | |  3.0
Armour         | |  2.6
Shields        | |  2.6

Action                   || total
-------------------------++-------
Melee: Long sword        ||    54
Armor: Scale mail        ||    35
Dodge: Dodged            ||    15
Block: Shield            ||    22
       Rpst.: Long sword ||     5

Table legend:
 A = Non-vault XP
 B = Vault XP
 C = Vault XP percentage of total XP
 D = Non-vault monster count
 E = Vault monster count
 F = Vault count percentage of total count
                 A         B        C        D         E       F
            +---------+---------+-------+---------+---------+-------
      Total |      20 |       0 |   0.0 |      13 |       0 |   0.0
            +---------+---------+-------+---------+---------+-------
        D:1 |      20 |       0 |   0.0 |      13 |       0 |   0.0
            +---------+---------+-------+---------+---------+-------
